 Dungeon Crawl Stone Soup version 0.20.0-15-g7f486f2 (webtiles) character file.

29 Chiseanne the Magician (level 3, 24/24 HPs)
             Began as a Demonspawn Wizard on June 14, 2017.
             Quit the game on level 1 of the Dungeon.
             The game lasted 00:01:43 (1044 turns).

Chiseanne the Magician (Demonspawn Wizard)          Turns: 1044, Time: 00:01:43

Health: 24/24      AC:  2    Str:  7    XL:     3   Next: 1%
Magic:  6/8        EV: 12    Int: 20    God:
Gold:   65         SH:  0    Dex: 11    Spells: 6/9 levels left

rFire    + . .     SeeInvis .   f - +0 mace
rCold    . . .     Gourm    .   (no shield)
rNeg     . . .     Faith    .   a - +0 robe
rPois    .         Spirit   .   b - +0 hat
rElec    .         Reflect  .   (no cloak)
rCorr    .         Harm     .   (no gloves)
MR       .....                  (no boots)
Stlth    ++........             (no amulet)
Regen    0.1/turn               (no ring)
MPRegen  0.2/turn               (no ring)

@: no status effects
A: talons 1, fire resistance 1
a: no special abilities


You were on level 1 of the Dungeon.
You were not hungry.

You visited 1 branch of the dungeon, and saw 2 of its levels.

You collected 65 gold pieces.

Inventory:

Hand Weapons
 f - a +0 mace (weapon)
Missiles
 j - 10 arrows
Armour
 a - a +0 robe (worn)
 b - a +0 hat (worn)
 g - a +0 buckler
Scrolls
 e - a scroll of enchant armour {unknown}
 m - a scroll of fear {unknown}
Potions
 i - a potion of haste {unknown}
 l - a potion of mutation {unknown}
Books
 c - a book of Minor Magic

   Spells                             Type                      Level
   a - Magic Dart                     Conjuration                  1
   b - Blink                          Translocation                2
   c - Call Imp                       Summoning                    2
   d - Slow                           Hexes                        2
   e - Conjure Flame                  Conjuration/Fire             3
   f - Mephitic Cloud                 Conjuration/Poison/Air       3
Comestibles
 d - 3 bread rations
 h - a royal jelly
 k - 2 chunks of flesh


   Skills:
 - Level 1.7 Dodging
 - Level 1.7 Stealth
 * Level 3.6 Spellcasting
 * Level 2.0 Conjurations
   Level 1.0 Summonings
 - Level 0.8 Translocations


You had 6 spell levels left.
You knew the following spells:

 Your Spells              Type           Power        Failure   Level  Hunger
a - Magic Dart            Conj           ##..         6%          1    None
b - Blink                 Tloc           N/A          14%         2    ##.....


Dungeon Overview and Level Annotations

Branches:
Dungeon (2/15)

Altars:


Innate Abilities, Weirdness & Mutations

You have sharp toenails.
Your flesh is heat resistant. (rF+)


Message History

Confirm with . or Enter, or press ? or * to list all spells.
Aiming: Magic Dart
Press: ? - help, Shift-Dir - straight line, f - hobgoblin
Aim: a hobgoblin (hasn't noticed you)
The magic dart hits the hobgoblin.
The hobgoblin is heavily wounded.
The hobgoblin shouts!
Casting: Magic Dart
Confirm with . or Enter, or press ? or * to list all spells.
Aiming: Magic Dart
Press: ? - help, Shift-Dir - straight line, f/p - hobgoblin
Aim: a hobgoblin (heavily wounded)
The magic dart hits the hobgoblin.
You kill the hobgoblin!
You have reached level 3!
Your experience leads to an increase in your attributes!
Increase (S)trength, (I)ntelligence, or (D)exterity?
You feel clever.
Your demonic ancestry asserts itself...
Your toenails lengthen and sharpen.
Are you sure you want to abandon this character and quit the game? (Confirm with "yes".)

........# ..... ...
........###.# #g.. ...
..........h.###....#####.#
.[...................>##.#
.......####....######.##.#
................# #.##.#
.......#######.†#####.##.#
....†..# #...........#
.......# ##@####.##.#
######## #.# #.##.# #.##
#.##)# #..# #....# #. ##.#
#.##(### #.#
#########.###......# #.#
#...........).######
#####.# #.#####....)...#
#.....# #.# #........#


You could see a jackal (wandering).

Vanquished Creatures
  An adder (D:2)
  A dart slug (D:1)
  2 goblins (D:1)
  2 hobgoblins (D:1)
  A jackal (D:2)
  3 bats
  A frilled lizard (D:1)
  4 kobolds (D:1)
  4 rats (D:1)
19 creatures vanquished.

Notes
Turn   | Place    | Note
-------+----------+-------------------------------------------
     0 | D:1      | Chiseanne the Demonspawn Wizard began the quest for the Orb.
     0 | D:1      | Reached XP level 1. HP: 13/13 MP: 4/4
   303 | D:1      | Gained mutation: Your flesh is heat resistant. (rF+) [demonic ancestry]
   303 | D:1      | Reached XP level 2. HP: 16/19 MP: 0/6
   553 | D:2      | Learned a level 2 spell: Blink
  1009 | D:1      | Gained mutation: You have sharp toenails. [demonic ancestry]
  1009 | D:1      | Reached XP level 3. HP: 24/24 MP: 2/8
  1044 | D:1      | Quit the game

Skill      XL: |  1  2 |
---------------+-------+-----
Conjurations   | 2 |  2.0
Dodging        | |  1.7
Stealth        | |  1.7
Spellcasting   | |  3.6
Summonings     | |  1.0
Translocations | |  0.8

Action                   || total
-------------------------++-------
Melee: Mace              ||     7
 Cast: Magic Dart        ||    53
Armor: Robe              ||     9
Dodge: Dodged            ||    32
